 Dungeon Crawl Stone Soup version 0.17-a0-2024-gc284f19 (webtiles) character file.

273 Malak the Caller (level 6, -13/32 HPs)
             Began as a Deep Elf Summoner on Sept 25, 2015.
             Mangled by an orc warrior
             ... wielding a cursed -1 glaive
              (21 damage)
             ... on level 5 of the Dungeon on Oct 10, 2015.
             The game lasted 00:34:44 (2951 turns).

Malak the Caller (Deep Elf Summoner)                Turns: 2951, Time: 00:34:44

Health: -13/32     AC:  2    Str:  5    XL:     6   Next: 2%
Magic:  7/16       EV: 13    Int: 22    God:
Gold:   181        SH:  0    Dex: 15    Spells: 5 memorised, 2 levels left

rFire  . . .     SeeInvis .     h - +0 dagger (elec)
rCold  . . .     Clarity  .     a - +0 robe
rNeg   . . .     SustAt   .     (no shield)
rPois  .         Gourm    .     (no helmet)
rElec  .         Spirit   .     (no cloak)
rCorr  .         Warding  .     (no gloves)
rMut   .         Stasis   .     (no boots)
MR     +....                    (no amulet)
Stlth  ++........               y - ring of protection from magic
                                q - ring of wizardry

@: somewhat resistant to hostile enchantments, unstealthy
A: no striking features
a: no special abilities


You were on level 5 of the Dungeon.
You were hungry.

You visited 1 branch of the dungeon, and saw 5 of its levels.
You also visited: Sewer.

You collected 181 gold pieces.

Inventory:

Hand Weapons
 f - a +0 dagger
 h - a +0 dagger of electrocution (weapon)
 t - a cursed -1 dagger
Armour
 a - a +0 robe (worn)
Jewellery
 q - a ring of wizardry (left hand)
 y - a ring of protection from magic (right hand)
Scrolls
 l - 4 scrolls of identify {unknown}
 m - 4 scrolls of immolation {unknown}
 o - a scroll of recharging {unknown}
 p - a scroll of random uselessness {unknown}
 s - a scroll of magic mapping {unknown}
 u - 2 scrolls of noise {unknown}
Potions
 e - a potion of brilliance {unknown}
 g - a potion of haste {unknown}
 i - 3 potions of curing {unknown}
 j - a potion of agility {unknown}
 n - a potion of poison {unknown}
 r - a potion of might {unknown}
 v - 2 potions of flight {unknown}
Books
 b - a book of Callings

   Spells                             Type                      Level
   a - Summon Small Mammal            Summoning                    1
   b - Call Imp                       Summoning                    2
   c - Call Canine Familiar           Summoning                    3
   d - Summon Guardian Golem          Hexes/Summoning              3
   e - Summon Lightning Spire         Summoning/Air                4
   f - Summon Ice Beast               Ice/Summoning                4
Comestibles
 c - 4 bread rations
 d - 3 fruits
 k - a slice of pizza
 w - a meat ration
 x - a royal jelly


   Skills:
 - Level 0.2 Fighting
 + Level 3.5 Dodging
 + Level 2.9 Stealth
 + Level 5.5 Spellcasting
 + Level 6.2 Summonings


You had 2 spell levels left.
You knew the following spells:

 Your Spells              Type           Power        Failure   Level  Hunger
a - Summon Small Mammal   Summ           ####         1%          1    None
b - Call Imp              Summ           ####....     1%          2    None
c - Call Canine Familiar  Summ           ####....     1%          3    ##.....
d - Summon Lightning Spi  Summ/Air       ###.....     12%         4    ####...
e - Summon Ice Beast      Ice/Summ       ###.....     12%         4    ####...


Dungeon Overview and Level Annotations

Branches:
Dungeon (5/15)             Temple (0/1) D:5

Altars:
Fedhas
Vehumet


Message History

Your crimson imp barely misses the orc warrior.
Your hound barely misses the orc warrior.
The orc warrior barely misses you.
Something hits your lightning spire but does no damage.
Your crimson imp disappears in a puff of smoke!
Your hound closely misses the orc warrior.
Your crimson imp hits the orc warrior.
Your hound bites the orc warrior.
There is a dry fountain here.
Your hound closely misses the orc warrior.
Your hound barely misses the orc warrior.
You are feeling hungry.
Casting: Summon Lightning Spire
Confirm with . or Enter, or press ? or * to list all spells.
Aiming: Summon Lightning Spire
Press: ? - help, Dir - move target cursor An electric hum fills the air.
The orc warrior hits you from afar with a glaive!!
Ouch! That really hurt!
You die...

.# ..# ..# ..#
############# #..#
#...#...#...##...# ..#
#.⌠...⌠..h5o8@...# ...#
#...#...#...#....##...#
# ##.######.##.#...#
#58.# #.# #...# ...)o.o
#.####..####
...#...#...#.#........#
##.###.######....<....#
#.. ... #......##.# #.
.>. #......##.#


You could see an orc warrior, a friendly lightning spire, a friendly hound and a
friendly crimson imp.

Vanquished Creatures
  An adder skeleton (D:4)
  2 bats
  2 hobgoblins
  A kobold (D:1)
  A quokka (D:4)
  A ball python (D:1)
  A goblin (D:3)
  A rat (D:3)
10 creatures vanquished.

Vanquished Creatures (collateral kills)
  An ogre (D:5)
  A crocodile (Sewer)
  A gnoll shaman (D:4)
  An orc priest (D:4)
  Ijyb (D:2)
  A centaur skeleton (D:3)
  A worker ant (D:4)
  A worker ant zombie (D:5)
  8 gnolls (D:4)
  5 adders
  An ooze (D:4)
  An adder skeleton (D:4)
  A giant gecko (D:3)
  4 orcs
  A ball python (D:1)
  4 bats
  5 hobgoblins
  2 jackals (Sewer)
  6 kobolds
  2 quokkas
  8 giant cockroaches
  2 giant newts (D:1)
  8 goblins
  7 rats
73 creatures vanquished.

Grand Total: 83 creatures vanquished

Notes
Turn   | Place    | Note
--------------------------------------------------------------
     0 | D:1      | Malak the Deep Elf Summoner began the quest for the Orb.
     0 | D:1      | Reached XP level 1. HP: 10/10 MP: 6/6
   210 | D:1      | Reached XP level 2. HP: 7/15 MP: 6/8
   220 | D:1      | Learned a level 2 spell: Call Imp
   278 | D:1      | Upgraded the game from 0.17-a0-1909-g0b14330 to 0.17-a0-2024-gc284f19
   688 | D:2      | Noticed Ijyb
   699 | D:2      | Killed Ijyb
   699 | D:2      | Reached skill level 5 in Summonings
   699 | D:2      | Reached XP level 3. HP: 15/19 MP: 1/10
   704 | D:2      | Learned a level 3 spell: Call Canine Familiar
   706 | D:2      | Found a radiant altar of Vehumet.
  1333 | D:3      | Found a blossoming altar of Fedhas.
  1647 | D:3      | Reached XP level 4. HP: 24/24 MP: 12/12
  1922 | D:4      | Found a glowing drain.
  1991 | Sewer    | Entered a sewer
  2051 | Sewer    | Noticed a crocodile
  2059 | Sewer    | Killed a crocodile
  2059 | Sewer    | Reached XP level 5. HP: 28/28 MP: 8/14
  2253 | D:4      | Reached skill level 5 in Spellcasting
  2507 | D:4      | Learned a level 4 spell: Summon Lightning Spire
  2512 | D:4      | Learned a level 4 spell: Summon Ice Beast
  2869 | D:5      | Entered Level 5 of the Dungeon
  2874 | D:5      | Noticed an ogre
  2889 | D:5      | Killed an ogre
  2889 | D:5      | Reached skill level 6 in Summonings
  2909 | D:5      | Reached XP level 6. HP: 32/32 MP: 8/16
  2935 | D:5      | Found a staircase to the Ecumenical Temple.
  2936 | D:5      | Noticed an orc warrior
  2951 | D:5      | Mangled by an orc warrior

Vault maps used:
D:1:      scummos_arrival_gate
D:2:      fiery_altar_vehumet, minmay_bad_closet, uniq_iyjb
D:3:      first_bread, fedhas_altar_3
D:4:      gup_sewer_entry_glass, hangedman_decor_push
D:5:      kiku_gazebo_garden_becter, lemuel_zombie_altar_yredelemnul,
          lemuel_doored_altar, minmay_temple_entry_nine_rooms, serial_curves,
          eino_curves_04, eino_curves_04, grunt_decor_fettered, uniq_grinder
Sewer:    sewer_the_crocodile

Action                   |  1- 3 |  4- 6 || total
-------------------------+-------+-------++-------
Melee: Dagger            |    35 |     2 ||    37
 Cast: Summon Small Mamm |    11 |       ||    11
       Call Imp          |    21 |    21 ||    42
       Call Canine Famil |     5 |    14 ||    19
       Summon Lightning  |       |     3 ||     3
  Use: Scroll            |       |     1 ||     1
 Stab: Sleeping          |     3 |       ||     3
  Eat: Chunk             |     3 |     5 ||     8
